 Dungeon Crawl Stone Soup version 0.24.0-13-gcf9b3192b9 (webtiles) character file.

Game seed: 4575057588306647979, levelgen mode: deterministic

128 loralnil the Shield-Bearer (level 5, -6/33 HPs)
             Began as a Gargoyle Fighter on Nov 8, 2019.
             Mangled by a crocodile (8 damage)
             ... on level 3 of the Dungeon.
             The game lasted 00:03:14 (1775 turns).

loralnil the Shield-Bearer (Gargoyle Fighter)       Turns: 1775, Time: 00:03:14

Health: -6/33      AC: 14    Str: 22 (25) XL:     5   Next: 11%
Magic:  5/5        EV:  5    Int:  6 (9)  God:
Gold:   34         SH:  9    Dex:  6 (9)  Spells: 4/4 levels left

rFire    . . .     SeeInvis .   a - +0 flail
rCold    . . .     Gourm    .   c - +0 shield
rNeg     + . .     Faith    .   i - +0 chain mail
rPois    ∞         Spirit   .   n - +0 helmet
rElec    +         Reflect  .   (no cloak)
rCorr    .         Harm     .   (no gloves)
MR       .....                  (no boots)
Stlth    ..........             (no amulet)
HPRegen  0.11/turn              (no ring)
MPRegen  0.09/turn              (no ring)

@: mighty
A: negative energy resistance 1, electricity resistance, unbreathing,
petrification resistance, rot immunity, AC +4
a: no special abilities


You were on level 3 of the Dungeon.
You were not hungry.

You visited 1 branch of the dungeon, and saw 3 of its levels.

You collected 34 gold pieces.

Inventory:

Hand Weapons
 a - a +0 flail (weapon)
Armour
 c - a +0 shield (worn)
 i - a +0 chain mail (worn)
 n - a +0 helmet (worn)
Scrolls
 h - 2 scrolls of enchant weapon {unknown}
 j - 2 scrolls of remove curse {unknown}
 k - a scroll of identify {unknown}
 l - a scroll of fog {unknown}
 p - a scroll of blinking {unknown}
Potions
 b - a potion of haste {unknown}
 e - a potion of degeneration
 m - a potion of heal wounds {unknown}
 o - a potion of curing {unknown}
Comestibles
 f - 6 rations
 g - 7 chunks of flesh


   Skills:
 + Level 4.1 Fighting
 + Level 3.1 Maces & Flails
 + Level 4.2 Armour
 + Level 4.2 Shields


You had 4 spell levels left.
You didn't know any spells.
Your spell library contained the following spells:

 Spells                   Type           Power        Failure   Level  Hunger
 Animate Skeleton         Necr           N/A          100%        1    ##.....
 Pain                     Necr           #...         100%        1    ##.....
 Regeneration             Chrm/Necr      #.........   100%        3    ####...
 Vampiric Draining        Necr           #.........   100%        3    ####...
 Animate Dead             Necr           N/A          100%        4    #####..


Dungeon Overview and Level Annotations

Branches:
Dungeon (3/15)

Altars:


Innate Abilities, Weirdness & Mutations

You are resistant to torment.
Your stone body is resilient. (AC +4)
You are immune to poison.
You resist negative energy. (rN+)
You are resistant to electric shocks. (rElec)
You can survive without breathing.
You are immune to petrification.
You are immune to rotting.


Message History

You sock the crocodile!
The crocodile is moderately wounded.
You block the crocodile's attack.
You sock the crocodile!
The crocodile is severely wounded.
You block the crocodile's attack. The crocodile bites you!
Your shield prevents you from hitting the crocodile.
The crocodile is severely wounded.
The crocodile bites you.
You hit the crocodile.
The crocodile is severely wounded.
The crocodile bites you!
* * * LOW HITPOINT WARNING * * *
It was a potion of degeneration.
There was something very wrong with that liquid.
You feel weakened.
You feel dopey.
You feel clumsy. You block the crocodile's attack.
You feel very mighty all of a sudden. The crocodile bites you!
You die...

.. #.## #..# ..##
##########..#
#........#..##
#.#####.##...# # #
#.#........#.##
...#.######@#.#....÷.#..#
#........t.# #<.....##.##
#..........# #......##..#
##.........#...#.##.###.##
#.........###.#.##.# #..#
##.######.# ..#..#.# ##.##
#. #$#.# #..#.####..# #
#.# .......... .#
...#####÷.


You could see a crocodile.

Vanquished Creatures
  A hound (D:3)
  4 gnolls (D:2)
  An adder (D:3)
  2 oozes
  A worm (D:2)
  3 giant cockroaches
  10 goblins
  4 hobgoblins
  A quokka (D:2)
  3 bats
  5 frilled lizards
  6 kobolds
  4 rats (D:1)
45 creatures vanquished.

Notes
Turn   | Place    | Note
-------+----------+-------------------------------------------
     0 | D:1      | loralnil the Gargoyle Fighter began the quest for the Orb.
     0 | D:1      | Reached XP level 1. HP: 14/14 MP: 1/1
   205 | D:1      | Reached XP level 2. HP: 14/19 MP: 2/2
   813 | D:2      | Reached XP level 3. HP: 23/23 MP: 3/3
  1134 | D:2      | Reached XP level 4. HP: 29/29 MP: 4/4
  1724 | D:3      | Reached XP level 5. HP: 26/33 MP: 5/5
  1762 | D:3      | Noticed a crocodile
  1769 | D:3      | HP: 1/33 [crocodile (11)]
  1775 | D:3      | Mangled by a crocodile

Levels and vault maps discovered:
D:1:      elethiomel_arrival_maze, layout_loops_ring
D:2:      layout_loops_cross
D:3:      layout_basic

Skill      XL: |  1  2  3  4 |
---------------+-------------+-----
Armour         | 4 |  4.2
Shields        | 4 |  4.2
Fighting       | 4 |  4.1
Maces & Flails | 3 |  3.1

Action                   |  1- 3 |  4- 6 || total
-------------------------+-------+-------++-------
Melee: Flail             |   116 |   111 ||   227
  Use: Potion            |       |     2 ||     2
  Eat: Chunk             |     1 |     2 ||     3
Armor: Chain mail        |    54 |    91 ||   145
       Scale mail        |     2 |       ||     2
Dodge: Dodged            |    33 |    27 ||    60
Block: Shield            |    53 |    72 ||   125
